 Dungeon Crawl Stone Soup version 0.17-a0-484-g0e03f6a (webtiles) character file.

142 Mysteryquy the Skirmisher (level 5, -3/48 HPs)
             Began as a Minotaur Fighter on Apr 10, 2015.
             Slain by Garrluk's ghost (8 damage)
             ... on level 3 of the Dungeon.
             The game lasted 00:04:13 (2254 turns).

Mysteryquy the Skirmisher (Minotaur Fighter)        Turns: 2254, Time: 00:04:13

Health: -3/48      AC: 11    Str: 22    XL:     5   Next: 3%
Magic:  4/4        EV:  4    Int:  5    God:
Gold:   142        SH:  9    Dex:  9    Spells: 0 memorised, 4 levels left

rFire  . . .     SeeInvis .     a - +0 war axe
rCold  . . .     Clarity  .     t - +0 plate armour
rNeg   . . .     SustAb   .     c - +0 shield
rPois  .         Gourm    .     (helmet restricted)
rElec  .         Spirit   .     (no cloak)
rCorr  .         Warding  .     (no gloves)
rMut   .         Stasis   .     (no boots)
MR     .....                    (no amulet)
Stlth  ..........               (no ring)
                                (no ring)

@: not resistant to hostile enchantments, extremely unstealthy
A: retaliatory headbutt, horns 2
a: no special abilities


You were on level 3 of the Dungeon.
You were hungry.

You visited 1 branch of the dungeon, and saw 3 of its levels.

You collected 142 gold pieces.

Inventory:

Hand weapons
 a - a +0 war axe (weapon)
Armour
 b - a +0 scale mail
 c - a +0 shield (worn)
 t - a +0 plate armour (worn)
Jewellery
 i - a cursed amulet of inaccuracy {unknown}
 q - a +2 ring of intelligence {unknown}
 w - a +3 ring of protection {unknown}
 y - an uncursed amulet of guardian spirit {unknown}
Scrolls
 f - a scroll of recharging {unknown}
 j - 2 scrolls of remove curse {unknown}
 k - 7 scrolls of identify {unknown}
 m - 2 scrolls of enchant weapon {unknown}
 o - 2 scrolls of amnesia {unknown}
 r - a scroll of magic mapping {unknown}
Potions
 e - a potion of might
 g - a potion of invisibility {unknown}
 h - a potion of lignification {unknown}
 l - a potion of restore abilities {unknown}
 n - a potion of beneficial mutation {unknown}
 s - 2 potions of curing {unknown}
Comestibles
 d - 2 bread rations
 p - a meat ration
 u - a slice of pizza
 v - 5 fruits
 x - a beef jerky


   Skills:
 + Level 5.5 Fighting
 + Level 4.8 Axes
 - Level 3.6 Armour
 - Level 3.6 Shields


You had 4 spell levels left.
You didn't know any spells.

Dungeon Overview and Level Annotations

Branches:
Dungeon (3/15)

Altars:
Qazlal
Yredelemnul

Annotations:
D:3 Garrluk's ghost, average TrTm


Innate Abilities, Weirdness & Mutations

You reflexively headbutt those who attack you in melee.
You have a pair of horns on your head.


Message History

Garrluk's ghost is severely damaged.
Garrluk's ghost hits you.
* * * LOW HITPOINT WARNING * * *
Garrluk's ghost hits you.
* * * LOW HITPOINT WARNING * * *
Your shield and plate armour prevent you from hitting Garrluk's ghost.
Garrluk's ghost is severely damaged.
You block Garrluk's ghost's attack.
You hit Garrluk's ghost.
Garrluk's ghost is almost destroyed.
Garrluk's ghost hits you.
* * * LOW HITPOINT WARNING * * *
You block Garrluk's ghost's attack.
You barely miss Garrluk's ghost.
Garrluk's ghost is almost destroyed.
You block Garrluk's ghost's attack.
You completely miss Garrluk's ghost. Your headbutt misses Garrluk's ghost.
Garrluk's ghost is almost destroyed.
Garrluk's ghost hits you!
You die...

##...#.#####'####.#
#.# #.# .........
#.####.# #.# ####.#
.......... #.#.##.#
#.# #.....
......... #.#.##.#
#.# #.#### .....###
#.#.##.###.# #.#
.....# #..........#
#.# >....
#....#.##### #.#
.... #....#.#####
#.# ##.
#....@W....######.#
.
#....#.###........#
#....#.# #.########
#....#.# #.#
.'....#.# #.#
##....#.# #.#
#...##.# #.#
.####.# #.# . ###


You could see Garrluk's ghost.

Vanquished Creatures
  Robin (D:2)
  A gnoll (D:1)
  An adder (D:3)
  4 worms
  An ooze (D:3)
  3 orcs (D:3)
  5 giant cockroaches
  20 goblins
  12 hobgoblins
  2 jackals (D:1)
  9 kobolds
  4 quokkas
  4 bats
  8 giant newts
  4 rats
  A spectral orc (D:3)
80 creatures vanquished.

Vanquished Creatures (others)
  4 toadstools (D:1)
4 creatures vanquished.

Grand Total: 84 creatures vanquished

Notes
Turn   | Place    | Note
--------------------------------------------------------------
     0 | D:1      | Mysteryquy, the Minotaur Fighter, began the quest for the Orb.
     0 | D:1      | Reached XP level 1. HP: 19/19 MP: 0/0
    22 | D:1      | Reached skill level 4 in Fighting
    22 | D:1      | Reached XP level 2. HP: 12/27 MP: 1/1
   603 | D:1      | Reached XP level 3. HP: 29/34 MP: 2/2
  1074 | D:2      | Noticed Robin
  1137 | D:2      | Killed Robin
  1173 | D:2      | Reached skill level 5 in Fighting
  1173 | D:2      | Reached XP level 4. HP: 33/42 MP: 3/3
  1655 | D:2      | Found a stormy altar of Qazlal.
  2025 | D:3      | Reached XP level 5. HP: 43/48 MP: 4/4
  2088 | D:3      | Found a basalt altar of Yredelemnul.
  2236 | D:3      | Noticed Garrluk's ghost (average TrTm)
  2254 | D:3      | Slain by Garrluk's ghost

Action                   |  1- 3 |  4- 6 || total
-------------------------+-------+-------++-------
Melee: War axe           |    91 |   112 ||   203
  Eat: Chunk             |     1 |     3 ||     4
